AoeStats
← Blazing Cartesia, The Virtuous

Arabia

509990118Analyzed
1v1 RM · 3d ago on Sep 28, 2026· 31m 52s· 2 players
Game mode
Random Map
Map size
Tiny (2 player)
Population
200
Speed
Normal
Resources
Standard
Victory
Conquest
Starting age
Dark Age
Ending age
Imperial Age
RankedLock teamsTeams togetherTeam positionsShared explorationLock speedFull tech treeHidden civsTurbo modeCheats
Victory
Defeat
1265
+15
🇨🇱 Shu · Chile
1234
-15
Blazing Cartesia, The Virtuous
6:38 Loom
9:06 Feudal Age
9:26 Double-Bit Axe
12:46 Fletching
15:34 Horse Collar
19:24 Wheelbarrow
19:49 Gold Mining
22:16 Castle Age
21:06 Scale Barding Armor
21:39 Bloodlines
22:39 Forging
22:59 Bow Saw
22:59 Husbandry
23:11 Heavy Plow
26:27 Chain Barding Armor
MORA
6:15 Loom
9:06 Feudal Age
10:49 Double-Bit Axe
15:48 Padded Archer Armor
16:34 Fletching
23:37 Castle Age
21:54 Horse Collar
23:51 Crossbowman
24:27 Bodkin Arrow
25:32 Leather Archer Armor
26:23 Bow Saw
27:38 Pikeman
29:30 Forging
31:09 Wheelbarrow
30:44 Heavy Plow
31:37 Scale Mail Armor
Connection lost

Rejoining the realm…

Still unreachable

The connection could not be restored.

Session expired

The server has moved on; the page needs a fresh start.